 Dungeon Crawl Stone Soup version 0.29-a0-1047-g7c58e119a4 (webtiles) character file.

Game seed: 15647406049977327319

1687 Zeldest the Trooper (level 9, -4/78 HPs)
             Began as a Meteoran Chaos Knight on Aug 16, 2022.
             Was a Plaything of Xom.
             Slain by a killer bee (5 damage)
             ... on level 7 of the Dungeon.
             The game lasted 00:18:20 (2747 turns).

Zeldest the Trooper (Meteoran Chaos Knight)         Turns: 2747, Time: 00:18:20

Health: -4/78      AC:  9    Str: 11 (14) XL:     9   Next: 45%
Magic:  17/17      EV: 12    Int: 17 (18) God:    Xom [.....*]
Gold:   276        SH:  0    Dex: 13 (14) Spells: 17/17 levels left

rFire   . . .      SeeInvis .   u - +2 dagger (elec)
rCold   + . .      Faith    .   (no shield)
rNeg    + . .      Spirit   .   b - +2 leather armour
rPois   .          Reflect  .   (no helmet)
rElec   .          Harm     .   o - scarf {repulsion}
rCorr   .          Rampage  .   z - +2 pair of gloves
Will    +....                   y - +0 pair of boots
Stlth   +.........              (no amulet)
HPRegen 0.23/turn               w - ring of positive energy
MPRegen 0.15/turn               k - ring of protection from cold

@: brilliant, lethally poisoned (-4 -> -5), glowing, invisible (but backlit and
visible), repel missiles
A: sense surroundings 2, otherworldly, glowing, explore regen
a: Renounce Religion


You were on level 7 of the Dungeon.
You worshipped Xom.
You were Xom's teddy bear.
You visited 2 branches of the dungeon, and saw 8 of its levels.
You also visited: Sewer.

You collected 276 gold pieces.

Inventory:

Hand Weapons
 a - a +0 hand axe of chaos
 q - a +0 morningstar
 u - a +2 dagger of electrocution (weapon)
Missiles
 h - 4 curare-tipped darts
Armour
 b - a +2 leather armour (worn)
 o - a scarf of repulsion (worn)
 s - a +0 pair of gloves
 y - a +0 pair of boots (worn)
 z - a +2 pair of gloves (worn)
Jewellery
 g - a ring of magical power
 k - a ring of protection from cold (right hand)
 w - a ring of positive energy (left hand)
Scrolls
 e - 2 scrolls of blinking
 l - 2 scrolls of enchant weapon
 n - a scroll of butterflies {unknown}
 v - a scroll of vulnerability {unknown}
 x - 2 scrolls of brand weapon
Potions
 i - a potion of heal wounds {unknown}
 m - a potion of magic
 t - 2 potions of brilliance
Miscellaneous
 c - a piece from Xom's chessboard (6/15) (quivered)


   Skills:
 + Level 6.4 Fighting
 + Level 3.2 Short Blades
 - Level 5.7 Axes
 - Level 2.4 Armour
 - Level 3.5 Dodging
 + Level 4.7 Spellcasting
 + Level 4.5 Summonings
 * Level 6.0 Necromancy


You had 17 spell levels left.
You didn't know any spells.
Your spell library contained the following spells:

 Spells                   Type           Power      Damage    Failure   Level
 Call Imp                 Summ           29%        N/A       4%          2
 Animate Dead             Necr           36%        N/A       16%         4
 Magic Dart               Conj           20%        1d4       19%         1
 Mephitic Cloud           Conj/Pois/Air  5%         N/A       50%         3
 Haunt                    Necr/Summ      16%        N/A       100%        7
 Infestation              Necr           18%        N/A       100%        8


Dungeon Overview and Level Annotations

Branches:
Dungeon (7/15) Zot: 1716   Temple (1/1) D:5 Zot: 569   Sewer (visited)

Altars:
Dithmenos
Elyvilon
Kikubaaqudgha
Okawaru
Qazlal
Sif Muna
Trog
Vehumet
Wu Jian
Xom
Yredelemnul
The Shining One

Annotations:
D:3 exclusion: statue
D:4 1 runed translucent door, Crazy Yiuf
D:6 Edmund


Innate Abilities, Weirdness & Mutations

You passively map the area around you.
You are easily found by Zot.
You glow in the dark.
You regain HP and MP as you explore.


Message History

You closely miss the killer bee.
The killer bee is moderately wounded.
The killer bee closely misses you. The killer bee stings you.
* * * LOW HITPOINT WARNING * * *
You are poisoned.
The killer bee poisons you!
You miss the killer bee.
The killer bee is moderately wounded.
You feel sick. The killer bee stings you!
* * * LOW HITPOINT WARNING * * *
You closely miss the killer bee.
The killer bee is moderately wounded.
You feel sick. The killer bee closely misses you. x2
You closely miss the killer bee.
The killer bee is moderately wounded.
You feel sick.
The killer bee buzzes angrily.
The killer bee stings you.
* * * LOW HITPOINT WARNING * * *
The killer bee barely misses you.
You feel better. The killer bee barely misses you. The killer bee stings you.
* * * LOW HITPOINT WARNING * * *
You are poisoned.
The killer bee poisons you!
Okay, then.
You feel sick. The killer bee stings you.
* * * LOW HITPOINT WARNING * * *
The killer bee barely misses you.
The killer bee attacks as you move away!
The killer bee stings you.
* * * LOW HITPOINT WARNING * * *
You hear the faint creaking of a portcullis very nearby.
You feel sick. The killer bee stings you.
* * * LOW HITPOINT WARNING * * *
It was a potion of invisibility.
You become transparent, but the glow from your body prevents you from becoming completely invisible.
* * * LOW HITPOINT WARNING * * *
You feel sick. The killer bee stings you.
You die...
Xom howls with laughter!

, ,,,, * #.# ,,~≈~ ~ ~
, * * * #.### . ,
#.#.. ,., ,* * * , ,*
#.#.# .# * ,, , ,,
#.#.##.# * , , * *,*
#.#....# * * ,, ,
#.#..######
##########<<<.......
*,.......@yy##...#####
* #########.##......#
*,* #)##..#.#..., ,*
#.###......#* * #.#*
.#.#..# * #.#* ......#
,, , , ,,..# ,y######
** * * #.# #.# * * *


You could see 2 killer bees.

Vanquished Creatures
  A shadow (D:6)
  2 ice beasts
  3 centaurs
  2 bullfrogs (Sewer)
  2 necrophages
  4 wights (D:6)
  2 killer bees (D:7)
  An orc priest (D:3)
  4 hounds
  2 jellies
  2 iguanas
  An orc wizard (D:6)
  2 gnolls
  7 adders
  8 river rats
  2 white imps (D:6)
  2 ufetubi (D:5)
  3 dart slugs
  12 orcs
  An endoplasm (D:3)
  13 giant cockroaches
  7 hobgoblins
  5 jackals
  3 kobolds (D:3)
  6 quokkas
  10 ball pythons
  4 bats
  6 frilled lizards (Sewer)
  7 goblins
  19 rats
143 creatures vanquished.

Vanquished Creatures (others)
  A giant cockroach (D:2)
  A hobgoblin (D:3)
  A jackal (D:2)
  6 demonic plants (D:6)
9 creatures vanquished.

Grand Total: 152 creatures vanquished

Notes
Turn   | Place    | Note
-------+----------+-------------------------------------------
     0 | D:1      | Zeldest the Meteoran Chaos Knight began the quest for the
                  | Orb.
     0 | D:1      | Reached XP level 1. HP: 19/19 MP: 2/2
   358 | D:1      | Reached XP level 2. HP: 24/26 MP: 3/3
   503 | D:2      | Reached XP level 3. HP: 33/33 MP: 4/4
   718 | D:3      | XOM: silly message
   798 | D:3      | Noticed a centaur
   799 | D:3      | XOM: potion effect (heal wounds)
   806 | D:3      | XOM: silly message
   809 | D:3      | Killed a centaur
   810 | D:3      | Reached XP level 4. HP: 17/41 MP: 5/5
   810 | D:3      | Reached XP level 5. HP: 20/47 MP: 6/6
   857 | D:3      | Found a glowing golden altar of the Shining One.
   888 | D:3      | Found a glowing drain.
   961 | D:3      | Reached skill level 5 in Axes
  1001 | D:3      | Found a radiant altar of Vehumet.
  1001 | D:3      | Noticed a frost-covered statue
  1037 | D:3      | XOM: silly message
  1039 | D:3      | Reached skill level 1 in Spellcasting
  1039 | D:3      | Reached XP level 6. HP: 53/53 MP: 8/8
  1069 | Sewer    | Entered a sewer
  1087 | Sewer    | Reached skill level 1 in Necromancy
  1132 | Sewer    | Reached skill level 1 in Summonings
  1211 | Sewer    | XOM: silly message
  1284 | Sewer    | Reached XP level 7. HP: 44/60 MP: 10/10
  1331 | Sewer    | XOM: potion effect (brilliance)
  1433 | D:4      | Reached skill level 5 in Fighting
  1554 | D:3      | You fall into a shaft and drop 2 floors!
  1554 | D:5      | Entered Level 5 of the Dungeon
  1798 | D:4      | XOM: divination: magic mapping
  2141 | D:4      | Found a runed translucent door.
  2142 | D:4      | Noticed Crazy Yiuf
  2204 | D:5      | XOM: confuse monster(s)
  2211 | D:5      | Reached XP level 8. HP: 61/68 MP: 11/13
  2242 | D:5      | XOM: cast spell 'Leda's Liquefaction'
  2245 | D:5      | XOM: noise
  2254 | D:5      | Reached skill level 1 in Short Blades
  2437 | D:5      | XOM: silly message
  2464 | D:6      | XOM: summons 2 hostile demons
  2465 | D:6      | Noticed a chaos spawn
  2478 | D:5      | Found a staircase to the Ecumenical Temple.
  2488 | Temple   | Entered the Ecumenical Temple
  2542 | D:6      | XOM: blink monster(s)
  2551 | D:6      | XOM: polymorph adder -> ice beast
  2559 | D:6      | Reached skill level 5 in Necromancy
  2559 | D:6      | Gained mutation: You passively map the area around you.
                  | [Meteoran growth]
  2559 | D:6      | Reached XP level 9. HP: 55/75 MP: 13/15
  2583 | D:6      | XOM: enchant monster (bad)
  2593 | D:7      | XOM: fake destruction
  2594 | D:6      | Noticed Edmund
  2608 | D:6      | XOM: 1-stop teleportation journey
  2635 | D:6      | XOM: chaos cloud
  2637 | D:6      | XOM: noise
  2698 | D:7      | XOM: potion effect (brilliance)
  2700 | D:7      | XOM: silly message
  2746 | D:7      | HP: 3/78 [killer bee (6)]
  2747 | D:7      | HP: 1/78 [poisoned by a killer bee]
  2747 | D:7      | Slain by a killer bee

Illustrated notes

Levels and vault maps discovered:
D:1:      wander_arrival_abandoned_jail, layout_loops_corners, serial_rivers,
          chequers_serial_rivers_large_b, chequers_serial_rivers_small_a,
          chequers_serial_rivers_small_3, chequers_serial_rivers_marsh
D:2:      layout_basic, dreamdust_ecumenical_altar_hidden_monk_grotto,
          guppyfry_early_orc_mine
D:3:      layout_basic, vehumet_statue, tso_altar, portal_sewer_entry_a,
          cheibrodos_gnoll_hut
D:4:      layout_basic, uniq_crazy_yiuf_cottage
D:5:      layout_rooms, minmay_temple_entry_statues_fountains,
          dk_rats_in_the_wall
D:6:      layout_cave_pools, kennysheep_mini, serial_demonic, serial_demonic_a,
          serial_demonic_g, serial_demonic_c, serial_demonic_e,
          serial_demonic_c, serial_demonic_g, serial_demonic_c, serial_shops,
          nicolae_shop_overgrown_old_shop, uniq_maggie, uniq_blork_the_orc,
          uniq_edmund
D:7:      layout_loops_ring, enter_bailey_3, serial_glass, glass_columns_a,
          glass_columns_a, glass_columns_c, glass_columns_a, glass_columns_b,
          glass_columns_b, glass_columns_b, glass_columns_a, glass_columns_c,
          glass_columns_b
Temple:   eino_temple_lava

Skill      XL: |  1  2  3  4  5  6  7  8  9 |
---------------+----------------------------+-----
Axes           | 4 5 |  5.7
Dodging        | 2 3 |  3.5
Fighting       | 4 5 6 |  6.4
Spellcasting   | 1 2 3 4 |  4.7
Necromancy     | 2 3 5 6 |  6.0
Summonings     | 1 2 3 4 |  4.5
Short Blades   | 2 3 |  3.2
Armour         | |  2.4

Action                   |  1- 3 |  4- 6 |  7- 9 || total
-------------------------+-------+-------+-------++-------
Melee: Hand axe          |    66 |   131 |    90 ||   287
       Punch             |       |     1 |     5 ||     6
       Dagger            |       |       |   204 ||   204
Evoke: Piece from Xom's  |     2 |     2 |     9 ||    13
       Wand              |       |       |    11 ||    11
  Use: Potion            |     1 |     1 |     7 ||     9
       Scroll            |       |       |     7 ||     7
 Stab: Petrified         |     1 |     2 |     8 ||    11
       Petrifying        |       |       |     1 ||     1
Armor: Leather armour    |    36 |    42 |   138 ||   216
Dodge: Dodged            |    44 |    88 |   200 ||   332
       Repelled          |       |       |     4 ||     4

Table legend: (Time is in decaauts)
 A = Elapsed time spent in this place.
 B = Non-inter-level travel time spent in this place.
 C = Inter-level travel time spent in this place.
 D = Time resting spent in this place.
 E = Time spent auto-exploring this place.
 F = Levels seen in this place.
 G = Mean time per level.
                   A        B        C        D        E       F      G
               +--------+--------+--------+--------+--------+-----+--------+
         Total |   2847 |   2783 |     64 |      0 |     44 |   9 |  316.3 |
       Dungeon |   2482 |   2421 |     61 |      0 |     44 |   7 |  354.6 |
        Temple |     30 |     27 |      3 |      0 |      0 |   1 |   30.0 |
         Sewer |    334 |    334 |      0 |      0 |      0 |   1 |  334.0 |
               +--------+--------+--------+--------+--------+-----+--------+

Top non-repeatable levels by time:
     D:4: 605 daAuts
     D:3: 605 daAuts
     D:1: 415 daAuts
   Sewer: 334 daAuts
     D:2: 324 daAuts
     D:5: 322 daAuts
     D:6: 156 daAuts
     D:7: 53 daAuts
  Temple: 30 daAuts
